Unix NetHack Version 5.0.0-0 post-release - last build Jul 19 2026 19:10:59 (3aa4ab31751d3886436d94b585a96704892fd477,branch:main).

Game began 2026-07-26 02:22:21, ended 2026-07-28 03:32:06.

Jamofthetoe, lawful female dwarven Valkyrie

              -----
 $   $  -- ----.|.---                       $
        |........)*.---                   *      $    $                *
       --..."...%..)..----                               *
 $     |..+.`)...^.[)..|.--                                                  )
       |.............)....|                                             $
       ---...........---@.|
         |........---- |).--
         ----.....|    |@..|                                  )
            --....|    -----
             --...|                                `  *
              |.---                             %
              -.                                                 *
               .                  *
               -                            )      (%

            (                  $ $                                        ) *
                               $
                     *           $                                        (
                                  $

Jamofthetoe the Fighter     St:18/01 Dx:14 Co:20 In:7 Wi:8 Ch:9  Lawful
Dlvl:9  $:0  HP:0(74) Pw:11(11) AC:-2 Xp:6 T:2134  Burdened Fly

Latest messages:
 You hit the Green-elf!
 The Green-elf thrusts his elven short sword.
 The Green-elf hits!
 You kill the Green-elf!
 The Green-elf shoots 2 elven arrows!
 The 1st elven arrow misses you.
 The 2nd elven arrow misses you.
 The Green-elf shoots 3 elven arrows!
 The 1st elven arrow misses you.
 The 2nd elven arrow misses you.
 You are hit by the 3rd elven arrow.
 Valkyrie, your life force is running out.
 Click!  The Green-elf triggers something.
 A boulder misses you.
 The boulder hits the Green-elf!
 The Green-elf shoots 2 elven arrows!
 You are hit by the 1st elven arrow!
 The 2nd elven arrow misses you.
 The Green-elf picks up 3 elven arrows.
 The Green-elf picks up an elven leather helm.
 The Green-elf picks up an elven dagger.
 The Green-elf picks up an elven short sword.
 What do you want to use or apply? [pzAILM or ?*] A
 You have a little trouble removing N - a dark green potion {buy 200}.
 C - an orange potion.
 What do you want to drink? [CN or ?*] C
 This tastes like slime mold juice.
 Call an orange potion: fruit juice
 What do you want to drink? [N or ?*] N
 You detect the presence of objects.
 (For instructions type a '?')
 Done.
 What do you want to use or apply? [pzAILM or ?*] A
 You have a little trouble removing r - a scroll labeled DUAM XNAHT.
 s - a scroll labeled JUYED AWK YACC.
 i - a scroll labeled NR 9.
 e - 2 scrolls labeled PRIRUTSENIE.
 What do you want to read? [eirs or ?*] e
 As you read the scroll, it disappears.
 Your orcish helm rusts!
 Your pair of iron shoes rusts!
 What do you want to read? [eirs or ?*] ?
 As you read the scroll, it disappears.
 Your hands begin to glow red.
 Call a scroll labeled DUAM XNAHT: confuse monster
 The Green-elf shoots 3 elven arrows!
 You are hit by the 1st elven arrow.
 You are hit by the 2nd elven arrow!
 You die...
 Do you want your possessions identified? [ynq] (y) q

Inventory:
 Amulets  ('"')
  m - an uncursed amulet of flying (being worn)
 Weapons  (')')
  u - 7 +0 elven arrows
  J - a +0 elven bow (alternate weapon; not wielded)
  b - a +0 dagger (at the ready)
  a - a blessed +1 dwarvish spear (weapon in right hand)
  g - a +0 long sword
 Armor    ('[')
  j - an uncursed rusty +0 orcish helm (being worn)
  T - an uncursed rusty +0 pair of iron shoes (being worn)
  c - a blessed +3 small shield (being worn)
  U - an uncursed +0 dwarvish cloak (being worn)
  V - an uncursed +0 plate mail (being worn)
 Scrolls  ('?')
  i - an uncursed scroll of create monster
  e - an uncursed scroll of destroy armor
  s - an uncursed scroll of enchant armor
 Rings    ('=')
  l - a blessed +2 ring of gain strength (on right hand)
  f - an uncursed +1 ring of increase damage
  F - an uncursed ring of slow digestion (on left hand)
 Tools    ('(')
  A - an uncursed oilskin sack containing 9 items
  z - a bag of tricks (0:12)
  M - an uncursed mirror
  p - a cursed oil lamp
  L - an uncursed tin whistle
 Gems/Stones  ('*')
  x - an uncursed black opal
  Q - an uncursed jet stone
  R - an uncursed worthless piece of black glass
  P - an uncursed worthless piece of green glass
  o - 3 uncursed worthless pieces of red glass
  G - an uncursed worthless piece of violet glass
  w - 2 uncursed worthless pieces of white glass
  t - 2 uncursed worthless pieces of yellow glass
  y - an uncursed worthless piece of yellowish brown glass
  I - an uncursed flint stone
  H - 10 uncursed rocks

Contents of the oilskin sack:
  224 gold pieces
  a +0 elven dagger
  a +0 orcish dagger
  an uncursed food ration
  an uncursed tin of gecko meat
  an uncursed scroll of identify
  a cursed scroll of enchant weapon
  2 uncursed scrolls of blank paper
  a cursed scroll of blank paper

Jamofthetoe the Valkyrie's attributes:

Background:
 You were a Fighter, a level 6 dwarven Valkyrie.
 You were lawful, on a mission for Tyr
 who was opposed by Odin (neutral) and Loki (chaotic).
 You were right-handed.
 You were in the Gnomish Mines, on level 9.
 You entered the dungeon 2134 turns ago.
 It was nighttime.
 You had 416 experience points, 224 more were needed to attain level 7.

Basics:
 You had 0 out of 74 hit points.
 You had all 11 energy points (spell power).
 Your armor class was -2.
 Your wallet was empty, but
 you had 224 zorkmids stashed away in your pack.
 Autopickup was on for '$?!/(=' plus thrown, with exceptions.

Final Characteristics:
 Your strength was 18/01 (base:17, limit:18/100).
 Your dexterity was 14 (limit:20).
 Your constitution was 20 (limit:20).
 Your intelligence was 7 (limit:16).
 Your wisdom was 8 (limit:16).
 Your charisma was 9 (limit:16).

Final Status:
 You were flying.
 You weren't hungry.
 You were burdened; movement was slightly slowed.
 You were wielding a spear.
 You had basic skill with spear and could have enhanced that.

Final Attributes:
 You were piously aligned.
 Your items were somewhat protected from fire.
 You were cold resistant.
 Your items were somewhat protected from cold.
 You saw invisible.
 You had infravision.
 You would have confused monsters when hitting them.
 You were stealthy.
 You had slower digestion.
 You were guarded.
 You are dead.

Miscellaneous:
 You didn't encounter any bones levels.
 Total elapsed playing time was 41 minutes and 41 seconds.

Major events:
 Turn
    1: Jamofthetoe the lawful dwarven Valkyrie entered the dungeon
  769: attained the rank of Skirmisher (level 3)
  986: entered the Gnomish Mines
 2096: attained the rank of Fighter (level 6)
 2134: killed by an elven arrow

You didn't know any spells.

Skills:
 Fighting Skills
   bare handed combat [Unskilled]
   two weapon combat  [Unskilled]
   riding             [Unskilled]
 Weapon Skills
   dagger             [Basic]
   axe                [Unskilled]
   pick-axe           [Unskilled]
   short sword        [Unskilled]
   broadsword         [Unskilled]
   long sword         [Unskilled]
   two-handed sword   [Unskilled]
   saber              [Unskilled]
   hammer             [Unskilled]
   quarterstaff       [Unskilled]
   polearms           [Unskilled]
   spear              [Basic]
   trident            [Unskilled]
   lance              [Unskilled]
   sling              [Unskilled]
 Spellcasting Skills
   attack spells      [Unskilled]
   escape spells      [Unskilled]

Voluntary challenges:
 Character rerolling was not enabled.
 You never genocided any monsters.
 You never polymorphed an object.
 You never changed form.
 You used no wishes.
Achievements:
 You entered a shop.
 You attained the rank of Skirmisher.
 You entered the Gnomish Mines.
 You attained the rank of Fighter.

 The Dungeons of Doom: levels 1 to 4
    Level 1: "fountain"
       A fountain.
    Level 2:
       An armor shop.
    Level 3:
       A potion shop, a fountain.
       Stairs down to The Gnomish Mines.
    Level 4:
 The Gnomish Mines: levels 4 to 9
    Level 4:
    Level 5:
    Level 7:
    Level 8:
    Level 9: <- You were here.
       Final resting place for
          you, killed by an elven arrow.


Vanquished creatures:
  a wolf
 an orc-captain
  a giant spider
  2 Green-elves
  a lizard
  a dog
  a water nymph
  6 fog clouds
  a violet fungus
  3 gnome leaders
  a gnomish wizard
  a gray ooze
  2 ghouls
  a paper golem
  2 dwarves
  4 hill orcs
 an iguana
  2 hobbits
  3 giant rats
  2 cave spiders
  a yellow mold
 12 gnomes
  a gecko
  a jackal
  a fox
  2 goblins
  2 sewer rats
  6 grid bugs
  3 lichens
  2 kobold zombies
  4 newts
72 creatures vanquished.

No species were genocided or became extinct.

Game over:
                       ----------
                      /          \
                     /    REST    \
                    /      IN      \
                   /     PEACE      \
                  /                  \
                  |   Jamofthetoe    |
                  |      224 Au      |
                  |   killed by an   |
                  |   elven arrow    |
                  |                  |
                  |                  |
                  |       2026       |
                 *|     *  *  *      | *
        _________)/\\_//(\/(/\)/\//\/|_)_______

Farvel Jamofthetoe the Valkyrie...

You died in The Gnomish Mines on dungeon level 9 with 2296 points,
and 224 pieces of gold, after 2134 moves.
You were level 6 with a maximum of 74 hit points when you died.

